 Dungeon Crawl Stone Soup version 0.25-a0-614-g73ad250637 (webtiles) character file.

Game seed: 6925439168852308051, levelgen mode: deterministic

14 n0claF the Shooter (level 2, -1/22 HPs)
             Began as a Human Hunter on Mar 17, 2020.
             Slain by a goblin
             ... wielding a +0 mace
              (4 damage)
             ... on level 1 of the Dungeon.
             The game lasted 00:01:18 (689 turns).

n0claF the Shooter (Human Hunter)                    Turns: 689, Time: 00:01:18

Health: -1/22      AC:  3    Str: 12    XL:     2   Next: 55%
Magic:  2/2        EV: 12    Int: 11    God:
Gold:   50         SH:  0    Dex: 13    Spells: 1/1 levels left

rFire    . . .     SeeInvis .   b - +0 short sword
rCold    + . .     Gourm    .   (no shield)
rNeg     . . .     Faith    .   c - +0 leather armour
rPois    .         Spirit   .   (no helmet)
rElec    .         Reflect  .   (no cloak)
rCorr    .         Harm     .   (no gloves)
MR       .....                  (no boots)
Stlth    ++........             (no amulet)
HPRegen  0.07/turn              f - ring of protection from cold
MPRegen  0.08/turn              (no ring)

@: no status effects
A: no striking features
a: no special abilities


You were on level 1 of the Dungeon.
You were not hungry.

You visited 1 branch of the dungeon, and saw 2 of its levels.

You collected 50 gold pieces.

Inventory:

Hand Weapons
 a - a +1 shortbow
 b - a +0 short sword (weapon)
Missiles
 d - 20 arrows
 m - 14 bolts
Armour
 c - a +0 leather armour (worn)
Jewellery
 f - a ring of protection from cold (left hand)
   (You found it on level 1 of the Dungeon)
Scrolls
 i - a scroll of teleportation {unknown}
 k - a scroll of remove curse {unknown}
 l - a scroll of blinking {unknown}
Potions
 g - 2 potions of brilliance {unknown}
 j - a potion of curing {unknown}
Comestibles
 e - 3 rations {!d}
 h - a chunk of flesh


   Skills:
 + Level 2.2 Fighting
 * Level 4.2 Bows
 + Level 2.2 Dodging
 + Level 1.4 Stealth


You had one spell level left.
You didn't know any spells.
Your spell library was empty.

Dungeon Overview and Level Annotations

Branches:
Dungeon (2/15)

Altars:


Message History

You kill the giant cockroach!
No target in view!
You start resting.
Some of the chunks of flesh in your inventory have rotted away.
You butcher the giant cockroach corpse.
h - 2 chunks of flesh (gained 1)
A goblin comes into view.
A goblin is nearby!
The goblin shouts!
The goblin hits you.
Found a +0 dagger.
You closely miss the goblin. The goblin hits you.
You hit the goblin. The goblin closely misses you.
You barely miss the goblin. The goblin closely misses you.
You closely miss the goblin. The goblin barely misses you.
You hit the goblin.
You kill the goblin!
No target in view!
No target in view!
No target in view!
No target in view!
You fall into a shaft and drop 1 floor!
The shaft crumbles and collapses.
Found 14 bolts, 10 gold pieces and 19 stones.
Found a stone staircase leading up.
Found a ration and 25 arrows.
You see here 14 bolts.
m - 14 bolts A quokka comes into view.
A kobold comes into view.
There is a stone staircase leading up here.
You climb upwards.
Found a robe.
There is a stone staircase leading down here.
Some of the chunks of flesh in your inventory have rotted away.
The goblin is too close now for your liking.
A goblin is nearby!
The goblin shouts!
You see here a +0 dagger.
You barely miss the goblin. The goblin closely misses you.
You closely miss the goblin. The goblin hits you with a +0 mace.
You closely miss the goblin. The goblin misses you.
You barely miss the goblin. The goblin closely misses you.
You hit the goblin but do no damage. You hit the goblin but do no damage.
The goblin closely misses you.
You closely miss the goblin. The goblin hits you with a +0 mace!
You miss the goblin. The goblin hits you with a +0 mace!
* * * LOW HITPOINT WARNING * * *
You barely miss the goblin. The goblin hits you with a +0 mace.
You die...

......).)###.##.# ###.###
#########...###.# #.#
###.##..## ########.####
###.#....###...........#
#.......##......###.♣.♣#
#.#....##.......###.#..#
#.....##..........♣.♣.♣#
##....##.........#......#
##....##.@g.#.....##♣#♣#♣#
####...###..)...............#
...........#.####.###.########
#########..#.# # # #.#
#########....### #.#
[......>..........# #.#
#########...####### #.# ##.##
#.# #.# #.#


You could see a goblin.

Vanquished Creatures
  A dart slug (D:1)
  2 giant cockroaches (D:1)
  2 goblins (D:1)
  A hobgoblin (D:1)
  2 bats (D:1)
  2 kobolds (D:1)
  A rat (D:1)
11 creatures vanquished.

Notes
Turn   | Place    | Note
-------+----------+-------------------------------------------
     0 | D:1      | n0claF the Human Hunter began the quest for the Orb.
     0 | D:1      | Reached XP level 1. HP: 16/16 MP: 1/1
   308 | D:1      | Reached XP level 2. HP: 22/22 MP: 2/2
   660 | D:1      | You fall into a shaft and drop 1 floor!
   689 | D:1      | Slain by a goblin

Levels and vault maps discovered:
D:1:      grunt_arrival_lava_bath, layout_loops_ring, serial_forest,
          infiniplex_forest_straight_4, infiniplex_forest_clump_small,
          infiniplex_forest_clump_small, infiniplex_forest_3_way,
          infiniplex_forest_lined_room_3, infiniplex_forest_lined_corner,
          infiniplex_forest_end_1, nrook_mini_backslash
D:2:      layout_rooms, uniq_natasha, uniq_terence

Action                   || total
-------------------------++-------
Melee: Short sword       ||    60
Armor: Leather armour    ||    12
Dodge: Dodged            ||    43

Table legend:
 A = Non-vault XP
 B = Vault XP
 C = Vault XP percentage of total XP
 D = Non-vault monster count
 E = Vault monster count
 F = Vault count percentage of total count
                 A         B        C        D         E       F
            +---------+---------+-------+---------+---------+-------
      Total |      20 |       0 |   0.0 |      11 |       0 |   0.0
            +---------+---------+-------+---------+---------+-------
        D:1 |      20 |       0 |   0.0 |      11 |       0 |   0.0
            +---------+---------+-------+---------+---------+-------
